 Adventure DCSS version bcrawl-1.22-26-g3963c97c8d (webtiles) character file.

Game seed: 2565889732867926798

240 nuthulu the Skirmisher (level 6, 41/41 HPs)
             Began as a Gargoyle Fighter on May 19, 2020.
             Got out of the dungeon alive.
             The game lasted 00:11:43 (3651 turns).

nuthulu the Skirmisher (Gargoyle Fighter)           Turns: 3651, Time: 00:11:43

Health: 41/41      AC: 13    Str: 20    XL:     6   Next: 8%
Magic:  6/6        EV:  9    Int:  9    God:
Gold:   124        SH:  9    Dex: 10    Spells: 5/5 levels left
                                        Lives:  1   Deaths: 1

rFire    . . .     SeeInvis .   a - +0 flail
rCold    . . .     Gourm    +   c - +0 medium shield
rNeg     + . .     Faith    .   b - +0 scale mail
rPois    ∞         Spirit   .   i - +1 helmet
rElec    +         Reflect  .   (no cloak)
rCorr    .         Harm     .   (no gloves)
MR       .....                  (no boots)
Stlth    ..........             l - amulet of the gourmand
HPRegen  0.13/turn              j - +2 ring of evasion
MPRegen  0.10/turn              (no ring)

@: no status effects
A: negative energy resistance 1, electricity resistance, unbreathing,
petrification resistance, rot immunity, AC +4
a: no special abilities


You escaped.
You were not hungry.

You visited 1 branch of the dungeon, and saw 4 of its levels.

You collected 124 gold pieces.

Inventory:

Hand Weapons
 a - a +0 flail (weapon)
Armour
 b - a +0 scale mail (worn)
 c - a +0 medium shield (worn)
 i - a +1 helmet (worn)
Jewellery
 j - a +2 ring of evasion (left hand)
 l - an amulet of the gourmand (around neck)
Wands
 m - a wand of flame (13)
 o - a wand of digging (7)
Scrolls
 f - a scroll of identify
 k - a scroll of remove curse
Potions
 d - 2 potions of might
 g - 3 potions of heal wounds
 h - 2 potions of mutation
 p - a potion of haste {unknown}
Comestibles
 e - a ration {!d}
 n - 2 chunks of flesh


   Skills:
 + Level 6.2 Fighting
 + Level 5.2 Maces & Flails
 - Level 3.2 Armour
 - Level 3.2 Shields


You had 5 spell levels left.
You didn't know any spells.
Your spell library was empty.

Dungeon Overview and Level Annotations

Branches:
Dungeon (4/12)
 Temple: D:4-7

Altars:
Fedhas
Qazlal
Wu Jian


Innate Abilities, Weirdness & Mutations

You are resistant to torment.
Your stone body is resilient. (AC +4)
You are immune to poison.
You resist negative energy. (rN+)
You are resistant to electric shocks. (rElec)
You can survive without breathing.
You are immune to petrification.
You are immune to rotting.


Message History

You climb upwards.
There is a stone staircase leading down here.
(D) Dungeon
Where to? (Enter - D:4, ? - help)
There is a stone staircase leading up here.
You climb upwards.
There is a stone staircase leading down here.
(D) Dungeon
Where to? (Enter - D:2, ? - help)
You see here 149 stones.
There is an escape hatch in the ceiling here.
There is a stone staircase leading up here.
You climb upwards.
There is a stone staircase leading down here.
(D) Dungeon
Where to? (Enter - D:1, ? - help)
Okay, then.
There is a staircase leading out of the dungeon here.
Are you sure you want to leave the Dungeon?
This will make you lose the game!
You have escaped!

#################
#≈≈≈≈≈≈≈≈≈≈≈≈≈≈≈≈
#≈≈≈≈≈≈≈≈≈≈≈≈≈≈≈≈
#≈≈≈≈≈≈≈≈≈≈≈≈≈≈≈≈
#≈..≈≈≈≈≈≈≈≈≈≈≈≈≈
#.....≈..≈≈≈≈≈≈≈≈
##(.....≈.≈.≈≈≈≈≈
#..........≈≈≈≈≈#
##.......@.≈≈≈≈≈≈#
#........8.≈.≈≈≈≈#
#######...........≈≈≈≈≈#
#....##.........8..≈.≈≈#
#....#.............≈≈≈≈#
#....#......8......≈≈≈≈#
###................≈≈≈≈#
#.(..........8.....≈≈#
##............###.≈≈≈≈#


There were no monsters in sight!

Vanquished Creatures
  An ice beast (D:4)
  A wyvern skeleton (D:4)
  An orc priest (D:3)
  An orc wizard (D:2)
  Jessica (D:2)
  Terence (D:2)
  Natasha (D:3)
  Robin (D:2)
  4 adders
  2 worms
  A dart slug (D:1)
  2 leopard geckos (D:2)
  4 orcs
  4 bats
  5 giant cockroaches
  12 goblins
  14 hobgoblins
  3 quokkas
  A ball python (D:1)
  3 frilled lizards (D:2)
  11 kobolds
  5 rats
79 creatures vanquished.

Notes
Turn   | Place    | Note
-------+----------+-------------------------------------------
     0 | D:1      | nuthulu the Gargoyle Fighter began the quest for the Orb.
     0 | D:1      | Reached XP level 1. HP: 14/14 MP: 1/1
    91 | D:1      | Reached XP level 2. HP: 19/19 MP: 2/2
   399 | D:1      | Reached XP level 3. HP: 24/24 MP: 3/3
   474 | D:1      | Reached skill level 4 in Fighting
   621 | D:2      | Found a faded altar of an unknown god.
   621 | D:2      | Noticed Robin
  1068 | D:2      | Killed Robin
  1071 | D:2      | Reached XP level 4. HP: 27/30 MP: 4/4
  1369 | D:2      | Noticed Jessica
  1376 | D:2      | Killed Jessica
  1503 | D:2      | Noticed Terence
  1515 | D:2      | Killed Terence
  1515 | D:2      | Reached XP level 5. HP: 34/34 MP: 5/5
  2150 | D:2      | Reached skill level 5 in Fighting
  2547 | D:3      | Found a stormy altar of Qazlal.
  2679 | D:3      | Reached XP level 6. HP: 32/40 MP: 6/6
  2805 | D:3      | Found a blossoming altar of Fedhas.
  3133 | D:3      | Found an ornate altar of the Wu Jian Council.
  3295 | D:3      | Noticed Natasha
  3303 | D:3      | Killed Natasha
  3483 | D:4      | Noticed an ice beast
  3512 | D:4      | Killed an ice beast
  3512 | D:4      | Reached skill level 6 in Fighting
  3512 | D:4      | Reached skill level 5 in Maces & Flails
  3514 | D:4      | Slain by a wyvern skeleton
  3515 | D:4      | Reached XP level 5. HP: -2/36 MP: 5/5
  3524 | D:4      | Reached XP level 6. HP: 41/41 MP: 6/6
  3651 | D:$      | Got out of the dungeon alive.

Skill      XL: |  1  2  3  4  5  6 |
---------------+-------------------+-----
Fighting       | 4 5 6 |  6.2
Maces & Flails | 3 4 5 |  5.2
Armour         | |  3.2
Shields        | |  3.2

Action                   |  1- 3 |  4- 6 || total
-------------------------+-------+-------++-------
Melee: Flail             |   145 |   178 ||   323
  Use: Scroll            |     4 |     4 ||     8
  Eat: Chunk             |     1 |    23 ||    24
Armor: Scale mail        |   105 |   104 ||   209
Dodge: Dodged            |    54 |    81 ||   135
Block: Medium shield     |    91 |    71 ||   162
